 Dungeon Crawl Stone Soup version 0.31.0-32-g396128a36d (webtiles) character file.

Game seed: 11616145434614894863

64 firemarshallily the Charlatan (level 3, 0/28 HPs)
             Began as a Demonspawn Wanderer on Mar 13, 2024.
             Frozen to death by an endoplasm (3 damage)
             ... on level 2 of the Dungeon.
             The game lasted 00:03:57 (1221 turns).

firemarshallily the Charlatan (Demonspawn Wanderer) Turns: 1221, Time: 00:03:58

Health: 0/28       AC:  3    Str: 14    XL:     3   Next: 91%
Magic:  3/3        EV: 12    Int: 10    God:
Gold:   102        SH:  0    Dex: 14    Spells: 2/2 levels left

rFire   . . .        a - +2 falchion
rCold   . . .        (no shield)
rNeg    . . .        e - +0 leather armour
rPois   .            (no helmet)
rElec   .            (no cloak)
rCorr   .            (no gloves)
SInv    .            (no boots)
Will    .....        (no amulet)
Stlth   +            (no ring)
HPRegen 0.24/turn    (no ring)
MPRegen 0.08/turn

%: no passive effects
@: brilliant, lethally poisoned (0 -> -2), hasted, very quick
A: demonic touch 1
a: no special abilities


You were on level 2 of the Dungeon.
You visited 1 branch of the dungeon, and saw 2 of its levels.

You collected 102 gold pieces.

Inventory:

Hand Weapons
 a - a +2 falchion (weapon)
Armour
 e - a +0 leather armour (worn)
Wands
 c - a wand of flame (6) (quivered)
Scrolls
 f - a scroll of teleportation {unknown}
 g - 3 scrolls of identify {unknown}
 l - a scroll of poison {unknown}
 m - a scroll of torment {unknown}
 n - a scroll of revelation {unknown}
Potions
 b - 2 potions of mutation
 i - a potion of lignification {unknown}


   Skills:
 * Level 2.4 Fighting
 + Level 3.1 Long Blades
 + Level 2.4 Dodging
 - Level 1.0 Unarmed Combat
 - Level 4.0 Evocations


You had 2 spell levels left.
You didn't know any spells.
Your spell library contained the following spells:

 Spells                   Type           Power      Damage    Failure   Level
 Shock                    Conj/Air       0%         1d3       43%         1
 Swiftness                Air            0%         N/A       82%         3
 Airstrike                Air            0%         2d(0-16)  99%         4


Dungeon Overview and Level Annotations

Branches:
Dungeon (2/15)

Altars:
Okawaru

Shops:
D:2 (


Innate Abilities, Weirdness & Mutations

Your touch may inflict minor irresistible damage on your foes.


Message History

The kobold hits you with a +0 whip. The adder bites you.
You are poisoned.
The adder poisons you!
You barely miss the adder.
The adder is almost dead.
You feel sick. The endoplasm closely misses you.
The kobold hits you with a +0 whip. The adder closely misses you.
The endoplasm hits you. The kobold hits you with a +0 whip.
Unknown command.
You barely miss the adder.
The adder is almost dead.
You feel sick. The adder bites you.
You are more poisoned.
The adder poisons you! The adder barely misses you. The endoplasm freezes you.
You are frozen.
The kobold closely misses you.
It was a potion of curing.
You feel better. The adder bites you.
You are poisoned.
The adder poisons you! The endoplasm barely misses you.
The kobold closely misses you.
You barely miss the adder.
You touch the adder.
You kill the adder!
You feel sick. The endoplasm freezes you.
You are frozen.
The kobold completely misses you.
Unknown command.
You hit the endoplasm.
The endoplasm is severely wounded.
You feel sick. The endoplasm freezes you.
You are frozen.
* * * LOW HITPOINT WARNING * * *
The kobold hits you with a +0 whip.
* * * LOW HITPOINT WARNING * * *
You feel yourself speed up.
* * * LOW HITPOINT WARNING * * *
You feel sick. The endoplasm freezes you.
You are frozen.
You die...

#.##.## #..... #.....
#.##.# .#.# #.##.#
#####.#.####.##.## ###
## .......).........#
##.#$ ...###.
#.............)K.#......
......
#...#.#...(.....@J..#
#.....
......##.###.###!.......
#.#.._ .........#...#
#....#### #.#...
...........### ######
#.#.#... ...........#
#.#.#... ...........#
#.#.#... ........[..#
#.#.....
†....#.....#####
#.##....
.........#.....#
#.##....


You could see an endoplasm and a kobold.

Vanquished Creatures
  3 adders (D:2)
  2 ribbon worms (D:2)
  A ball python (D:1)
  4 bats
  8 endoplasms
  3 giant cockroaches
  2 goblins
  2 hobgoblins
  2 frilled lizards
  A kobold (D:2)
  2 rats (D:1)
30 creatures vanquished.

Notes
Turn   | Place    | Note
-------+----------+-------------------------------------------
     0 | D:1      | firemarshallily the Demonspawn Wanderer began the quest for
                  | the Orb.
     0 | D:1      | firemarshallily set off with the following items: a +2
                  | falchion, a potion of mutation, a wand of flame (6), a
                  | potion of haste, a +0 leather armour.
     0 | D:1      | Reached XP level 1. HP: 13/13 MP: 1/1
   354 | D:1      | Reached skill level 1 in Fighting
   404 | D:1      | Gained mutation: Your touch may inflict minor irresistible
                  | damage on your foes. [demonic ancestry]
   404 | D:1      | Reached XP level 2. HP: 17/21 MP: 2/2
   767 | D:2      | Found Cosessirph's Antique Weapon Shop.
   912 | D:2      | Found an iron altar of Okawaru.
   945 | D:2      | Reached XP level 3. HP: 27/27 MP: 3/3
  1173 | D:2      | Identified the +0 robe "Mill" {^Drain Will+ Regen+ Stlth+}
  1214 | D:2      | HP: 1/27 [adder (3)]
  1221 | D:2      | Frozen to death by an endoplasm

Illustrated notes

Levels and vault maps discovered:
D:1:      evilmike_arrival_grusome_pit, layout_basic, nicolae_hexahallways
D:2:      layout_loops_ring, basic_altar, serial_shops, shop, patterned_corridor

Skill      XL: |  1  2  3 |
---------------+----------+-----
Fighting       | 1 2 |  2.4
Dodging        | 2 |  2.4
Long Blades    | 3 |  3.1
Unarmed Combat | |  1.0
Evocations     | |  4.0

Action                     || total
---------------------------++-------
  Melee: Falchion          ||    74
         Punch             ||     2
         Touch             ||    11
    Use: Potion            ||     4
 Armour: Leather armour    ||    49
  Dodge: Dodged            ||    46
